 Dungeon Crawl Stone Soup version 0.31-a0-986-g5e6e4ef867 (webtiles) character file.

Game seed: 1876761291278685128

585 octoduck the Gusty (level 7, 56/56 HPs)
             Began as a Grey Draconian Air Elementalist on Nov 23, 2023.
             Was an Initiate of Vehumet.
             Got out of the dungeon alive.
             The game lasted 00:16:48 (5021 turns).

octoduck the Gusty (DrAE)                           Turns: 5021, Time: 00:16:49

Health: 56/56      AC: 12    Str: 10    XL:     7   Next: 15%
Magic:  10/10      EV: 12    Int: 18    God:    Vehumet [......]
Gold:   188        SH:  0    Dex: 11    Spells: 0/10 levels left

rFire   . . .        p - +2 dagger (drain)
rCold   . . .        (no shield)
rNeg    . . .        (body armour unavailable)
rPois   .            (helmet restricted)
rElec   .            b - +0 cloak
rCorr   .            (no gloves)
SInv    .            (no boots)
Will    .....        (no amulet)
Stlth   ++           (no ring)
HPRegen 0.29/turn    (no ring)
MPRegen 0.12/turn

%: no passive effects
@: no status effects
A: AC +11, amphibious, unfitting armour, cold-blooded
a: Renounce Religion


You escaped.
You worshipped Vehumet.
Vehumet was noncommittal.
You visited 1 branch of the dungeon, and saw 4 of its levels.

You collected 188 gold pieces.

Inventory:

Hand Weapons
 e - a +0 dagger of holy wrath
 n - a +0 short sword of venom
 p - a +2 dagger of draining (weapon)
Missiles
 k - 7 poisoned darts
 l - 3 boomerangs
Armour
 b - a +0 cloak (worn)
Scrolls
 f - a scroll of fog
 m - 2 scrolls of identify {unknown}
Potions
 a - 2 potions of magic
 c - 2 potions of lignification {unknown}
 d - a potion of degeneration {unknown}
 g - 3 potions of brilliance {unknown}
 h - a potion of cancellation {unknown}
 j - a potion of heal wounds {unknown}


   Skills:
 + Level 2.3 Fighting
 - Level 1.7 Dodging
 - Level 1.7 Stealth
 - Level 2.0 Spellcasting
 + Level 4.8 Conjurations
 * Level 5.1 Air Magic


You couldn't memorise any spells.
You knew the following spells:

 Your Spells              Type           Power      Damage    Failure   Level
a - Shock                 Conj/Air       76%        1d7       2%          1
b - Static Discharge      Conj/Air       38%        3-5/arc   3%          2
c - Swiftness             Air            20%        N/A       7%          3
d - Freeze                Ice            4%         1d3       19%         1
e - Hailstorm             Conj/Ice       10%        3d5       21%         3

Your spell library contained the following spells:

 Spells                   Type           Power      Damage    Failure   Level
 Airstrike                Air            10%        2d(2-18)  22%         4
 Frozen Ramparts          Ice            2%         1d1       47%         3


Dungeon Overview and Level Annotations

Branches:
Dungeon (4/15)
 Temple: D:4-7

Altars:
Nemelex Xobeh
Vehumet
The Shining One


Innate Abilities, Weirdness & Mutations

Your dull iron-grey scales are very hard. (AC +11)
You are amphibious.
You cannot fit into any form of body armour.
You are cold-blooded and may be slowed by cold attacks.


Message History

The bullfrog hits you but does no damage. x2
You closely miss the bullfrog.
The bullfrog is severely wounded.
The bullfrog closely misses you.
You hit the bullfrog.
The bullfrog is almost dead.
The bullfrog barely misses you. The bullfrog hits you.
You hit the bullfrog.
The bullfrog is almost dead.
The bullfrog hits you but does no damage.
You hit the bullfrog. You drain the bullfrog.
You kill the bullfrog!
Vehumet accepts your kill.
You see here an orc corpse.
There is a stone staircase leading up here.
You start memorising the spell.
You continue memorising.
You finish memorising.
Spell assigned to 'd'.
This spell is dangerous to cast!
You start memorising the spell.
You continue memorising. x3
You finish memorising.
Spell assigned to 'e'.
You climb upwards.
There is a stone staircase leading down here.
Magic restored.
HP restored.
Things that are here:
a +1 heavy spear; a +0 spear; a +0 club
Things that are here:
a +0 spear; a +0 dagger
Things that are here:
a +0 club; a +0 giant spiked club
There is a stone staircase leading up here.
You climb upwards.
There is a stone staircase leading down here.
You can't go up here!
There is a stone staircase leading up here.
You climb upwards.
There is a stone staircase leading down here.
There is an open door here.
There is a staircase leading out of the dungeon here.
You have escaped!

################8##.##.#.#
#.##....#.# ###.#####.#.#
###.....###...#
#.........#.########## #####
##.........###8##8##8## ....#####
#.8....................
....##..###......................
....##..8.......@................
........###......................
#####.#...#.8....................
..........##.........###8##8##8##
.##.#.#.####.........# ##########
.#..#.#.# ###.....### .#..#.#.#
###.### .#..#.#.# #.# .#..#.#.#
###8##


There were no monsters in sight!

Vanquished Creatures
  2 ogres
  A bullfrog (D:4)
  A scorpion (D:4)
  A hound (D:4)
  An iguana (D:4)
  A sleepcap (D:2)
  An orc wizard (D:3)
  4 gnolls (D:3)
  4 adders
  2 worms
  2 dart slugs
  8 orcs
  9 endoplasms
  7 giant cockroaches
  6 goblins
  3 hobgoblins
  9 jackals
  9 quokkas
  7 ball pythons
  9 bats
  3 frilled lizards
  7 kobolds
  3 rats (D:2)
100 creatures vanquished.

Notes
Turn   | Place    | Note
-------+----------+-------------------------------------------
     0 | D:1      | octoduck the Draconian Air Elementalist began the quest for
                  | the Orb.
     0 | D:1      | Reached XP level 1. HP: 14/14 MP: 3/3
   312 | D:1      | Reached XP level 2. HP: 20/20 MP: 1/5
   860 | D:1      | Learned a level 2 spell: Static Discharge
   934 | D:1      | Reached XP level 3. HP: 26/26 MP: 0/6
  2013 | D:2      | Reached skill level 4 in Air Magic
  2074 | D:2      | Reached XP level 4. HP: 30/33 MP: 3/7
  2089 | D:2      | Learned a level 3 spell: Swiftness
  3343 | D:3      | Noticed an ogre
  3377 | D:3      | Killed an ogre
  3378 | D:3      | Reached XP level 5. HP: 33/38 MP: 2/8
  3570 | D:3      | Reached skill level 5 in Air Magic
  4188 | D:4      | Noticed an ogre
  4234 | D:4      | Reached XP level 6. HP: 42/46 MP: 3/9
  4373 | D:4      | Found a radiant altar of Vehumet.
  4373 | D:4      | Found a glowing golden altar of the Shining One.
  4380 | D:4      | Became a worshipper of Vehumet
  4431 | D:4      | Reached skill level 1 in Fighting
  4803 | D:4      | Found a sparkling altar of Nemelex Xobeh.
  4866 | D:4      | Reached skill level 6 in Air Magic
  4866 | D:4      | Your scales start taking on a dull iron-grey colour.
  4866 | D:4      | Reduced skill Air Magic to level 5
  4866 | D:4      | Reached XP level 7. HP: 46/55 MP: 5/10
  4888 | D:4      | Learned a level 1 spell: Freeze
  4892 | D:4      | Learned a level 3 spell: Hailstorm
  5021 | D:$      | Got out of the dungeon alive.

Illustrated notes

Levels and vault maps discovered:
D:1:      psy_arrival_heroes, layout_basic, hangedman_abyss_or_decor_lesser_grid
D:2:      layout_rooms, minmay_pentomino_pile
D:3:      layout_basic
D:4:      layout_rooms, nemelex_diamond_rough_becter,
          gammafunk_temple_overflow_pools, serial_shops, nicolae_diamond_shop

Skill      XL: |  1  2  3  4  5  6 |
---------------+-------------------+-----
Conjurations   | 2 3 4 |  4.8
Air Magic      | 4 5 5 |  5.1
Fighting       | 2 |  2.3
Dodging        | |  1.7
Stealth        | |  1.7
Spellcasting   | |  2.0

Action                     |  1- 3 |  4- 6 |  7- 9 || total
---------------------------+-------+-------+-------++-------
  Melee: Unarmed           |    36 |       |       ||    36
         Tailslap          |     3 |    10 |       ||    13
         Short sword       |    20 |    75 |       ||    95
         Punch             |       |     2 |       ||     2
         Dagger            |       |       |     8 ||     8
  Throw: Dart              |       |     8 |       ||     8
   Cast: Shock             |    69 |    84 |       ||   153
         Static Discharge  |     2 |    20 |       ||    22
    Use: Scroll            |     3 |     2 |       ||     5
 Armour: Skin              |    69 |    88 |     7 ||   164
  Dodge: Dodged            |    95 |   103 |     5 ||   203

Table legend: (Time is in decaauts)
 A = Elapsed time spent in this place.
 B = Non-inter-level travel time spent in this place.
 C = Inter-level travel time spent in this place.
 D = Time resting spent in this place.
 E = Time spent auto-exploring this place.
 F = Levels seen in this place.
 G = Mean time per level.
                   A        B        C        D        E       F      G
               +--------+--------+--------+--------+--------+-----+--------+
         Total |   5028 |   4650 |    378 |   1472 |   1976 |   4 | 1257.0 |
       Dungeon |   5028 |   4650 |    378 |   1472 |   1976 |   4 | 1257.0 |
               +--------+--------+--------+--------+--------+-----+--------+

Top non-repeatable levels by time:
     D:1: 1803 daAuts
     D:3: 1579 daAuts
     D:2: 1169 daAuts
     D:4: 475 daAuts
